 Dungeon Crawl Stone Soup version 0.31-a0-765-g67fe2935dc (webtiles) character file.

Game seed: 15288474362342162462

13756 Dittersdorf the Blocker (level 12, -4/80 HPs)
             Began as a Gargoyle Fighter on Sept 15, 2023.
             Was a High Priest of Okawaru.
             Killed from afar by a lava snake (5 damage)
             ... with a glob of lava
             ... in a volcano.
             The game lasted 00:18:16 (12070 turns).

Dittersdorf the Blocker (Gargoyle Fighter)         Turns: 12070, Time: 00:18:17

Health: -4/80      AC: 24    Str: 25    XL:     12   Next: 9%
Magic:  12/12      EV:  7    Int:  9    God:    Okawaru [*****.]
Gold:   562        SH: 18    Dex:  9    Spells: 9/11 levels left

rFire   + . .        k - +0 morningstar
rCold   x . .        i - +3 tower shield
rNeg    + . .        b - +0 chain mail {Will+}
rPois   ∞            (no helmet)
rElec   +            e - +0 cloak {rPois}
rCorr   .            t - +1 Delatra's gloves {ID++}
SInv    .            (no boots)
Will    +....        (no amulet) Stlth
                     l - ring of fire
HPRegen 0.33/turn    (no ring)
MPRegen 0.13/turn

%: no passive effects
@: no status effects
A: sickness immunity, AC +8, negative energy resistance 1, electricity
resistance, torment resistance 1, petrification resistance
a: Renounce Religion, Heroism, Finesse, Duel


You were in a volcano.
You worshipped Okawaru.
Okawaru was extremely pleased with you.
You visited 3 branches of the dungeon, and saw 12 of its levels.
You also visited: Ossuary and Volcano.

You collected 562 gold pieces.

Inventory:

Hand Weapons
 k - a +0 morningstar (weapon)
Armour
 b - a +0 chain mail of willpower (worn)
 e - a +0 cloak of poison resistance (worn)
 i - a +3 tower shield (worn)
 t - the +1 Delatra's gloves (worn) {ID++}
   (You found it on level 6 of the Dungeon)

   ID++:      It heals its wearer when they drink unknown potions, and restores
   their MP when they read unknown scrolls.
Jewellery
 l - a ring of fire (left hand)
Wands
 g - a wand of mindburst (2) (quivered)
 q - a wand of roots (13)
Scrolls
 r - 2 scrolls of enchant armour
 u - 7 scrolls of teleportation
Potions
 a - a potion of resistance {unknown}
 c - a potion of magic
 d - 7 potions of might
 f - a potion of haste
 h - a potion of enlightenment
 j - 2 potions of cancellation
 n - 3 potions of mutation {unknown}
 o - 4 potions of berserk rage {unknown}
 p - 8 potions of curing {unknown}
 s - a potion of heal wounds {unknown}
 v - a potion of brilliance {unknown}


   Skills:
 + Level 11.0 Fighting
 + Level 10.0 Maces & Flails
 + Level 11.0 Armour
 + Level 11.1 Shields


You had 9 spell levels left.
You knew the following spells:

 Your Spells              Type           Power      Damage    Failure   Level
a - Passwall              Tmut/Erth      0%         N/A       100%        2

Your spell library contained the following spells:

 Spells                   Type           Power      Damage    Failure   Level
 Ensorcelled Hibernation  Hex/Ice        0%         N/A       100%        2
 Jinxbite                 Hex            0%         N/A       100%        2
 Ignite Poison            Fire/Tmut/Pois 0%         N/A       100%        3
 Ozocubu's Armour         Ice            0%         N/A       100%        3
 Swiftness                Air            0%         N/A       100%        3
 Anguish                  Hex/Necr       0%         N/A       100%        4
 Dimensional Bullseye     Hex/Tloc       0%         N/A       100%        4
 Iskenderun's Mystic Bla  Conj/Tloc      0%         2d3       100%        4
 Freezing Cloud           Conj/Ice/Air   0%         6-21      100%        5
 Lee's Rapid Deconstruct  Erth           0%         3d4*      100%        5
 Metabolic Englaciation   Hex/Ice        0%         N/A       100%        5
 Orb of Destruction       Conj           0%         9d5       100%        7
 Cigotuvi's Dreadful Rot  Necr/Pois/Air  Unusable   N/A       N/A         2
 Summon Guardian Golem    Hex/Summ       Unusable   N/A       N/A         3
 Tukima's Dance           Hex            Unusable   N/A       N/A         3
 Animate Armour           Summ/Erth      Unusable   N/A       N/A         4
 Summon Lightning Spire   Summ/Air       Unusable   N/A       N/A         4
 Simulacrum               Ice/Necr       Unusable   N/A       N/A         6
 Spellforged Servitor     Conj/Summ      Unusable   N/A       N/A         7

Dungeon Overview and Level Annotations

Branches:
Dungeon (10/15)            Temple (1/1) D:7            Lair (1/5) D:8
Ossuary (visited)         Volcano (1/1)
    Orc: D:9-12

Altars:
Ashenzari
Cheibriados
Dithmenos
Elyvilon
Fedhas
Gozag
Hepliaklqana
Kikubaaqudgha
Makhleb
Nemelex Xobeh
Okawaru
Qazlal
Ru
Sif Muna
Trog
Uskayaw
Vehumet
Wu Jian
Xom
Yredelemnul
Zin
The Shining One


Innate Abilities, Weirdness & Mutations

You are immune to sickness and miasma.
Your stone body is resilient. (AC +8)
You are immune to poison.
You resist negative energy. (rN+)
You are resistant to electric shocks. (rElec)
You are resistant to unholy torment.
You are immune to petrification.


Message History

You completely miss the lava snake.
The lava snake is moderately wounded.
The air gets thick with the scent of sulphur.
The lava snake spits lava at you. The glob of lava hits you!
You partially resist. You block the lava snake's attack.
You hit the lava snake.
The lava snake is severely wounded.
The lava snake bites you but does no damage. x2
You block the lava snake's attack.
The lava snake bites you but does no damage.
You closely miss the lava snake.
The lava snake is severely wounded.
The lava snake bites you but does no damage.
The lava snake spits lava at you. You block the glob of lava.
You miss the lava snake.
The lava snake is severely wounded.
The volcano roars to life, belching forth lava!
You are engulfed in blazing flames.
You resist. You block the lava snake's attack. x2
You hit the lava snake.
The lava snake is severely wounded.
You are engulfed in blazing flames.
You resist. The lava snake spits lava at you. The glob of lava hits you!
You partially resist.
* * * LOW HITPOINT WARNING * * *
You block the lava snake's attack.
You hit the lava snake.
You kill the lava snake!
Okawaru accepts your kill.
You are engulfed in blazing flames.
You resist.
* * * LOW HITPOINT WARNING * * *
The lava snake bites you but does no damage.
You miss the lava snake.
You are engulfed in blazing flames.
You resist.
* * * LOW HITPOINT WARNING * * *
You block the lava snake's attack. The lava snake spits lava at you.
The glob of lava hits you. You partially resist.
You die...

≈§§§≈≈ §°≈.........○...
≈≈§§≈≈≈§≈°≈≈≈≈≈°≈≈≈≈°≈≈≈
≈§≈§§≈≈≈≈≈°≈≈≈≈≈≈≈≈°≈°§§
≈≈≈§≈≈§§≈≈°§°○°°≈≈°≈≈≈≈≈
≈≈≈≈§§§≈§§°≈°≈°≈°≈≈≈°°°§
≈≈≈§§§§≈≈°°°°≈°°°§°≈≈≈°§
≈≈≈≈§§§≈≈≈°°≈°°°°S°°°≈≈°
.≈§≈§≈≈≈≈○≈.○...@°°≈°§≈≈
....§.§..°°.°#°..°..○°.°
.........°#######°°.°.°.
.........## #°#.##.
..##.##### ## # ######


You could see a lava snake (catching breath).

Vanquished Creatures
  Erica (D:9)
  A centaur warrior (D:10)
  A two-headed ogre (D:10)
  A gargoyle (D:10)
  An unseen horror (D:10)
  A cane toad (Lair:1)
  3 komodo dragons (Lair:1)
  5 trolls
  A hornet (D:9)
  Grinder (D:6)
  Prince Ribbit (D:6)
  A shadow (D:10)
  Eustachio (D:6)
  A wraith (D:10)
  21 yaks
  A wyvern (D:9)
  A steam dragon (D:7)
  Menkaure (D:6)
  2 acid dragons (D:10)
  3 water moccasins
  3 black bears
  A sky beast (D:8)
  3 orc warriors
  An ice beast (D:6)
  5 wolves (Lair:1)
  3 ogres
  3 centaurs
  A kobold brigand (D:8)
  2 scorpions (D:6)
  3 bullfrogs
  A gnoll sergeant (D:10)
  4 water moccasin zombies (Ossuary)
  A wight (D:10)
  12 killer bees
  2 howler monkeys (D:8)
  2 lava snakes (Volcano)
  A crimson imp (D:5)
  7 orc priests
  5 hounds
  Crazy Yiuf (D:4)
  Ijyb (D:5)
  Jessica (D:3)
  3 gnoll boudas
  Terence (D:2)
  9 orc wizards
  2 mummies (Ossuary)
  15 gnolls
  7 adders
  2 white imps
  An ufetubus (D:7)
  4 adder zombies (Ossuary)
  4 dart slugs
  50 orcs
  6 bats
  7 endoplasms
  4 giant cockroaches
  5 gnoll zombies (Ossuary)
  5 goblins
  7 hobgoblins
  4 jackals (D:3)
  4 quokkas
  7 ball pythons
  3 frilled lizards
  8 hobgoblin zombies (Ossuary)
  9 kobolds
  3 kobold zombies (Ossuary)
  3 orc zombies (Ossuary)
  6 rats
291 creatures vanquished.

Vanquished Creatures (others)
  A yak (D:9)
1 creature vanquished.

Grand Total: 292 creatures vanquished

Notes
Turn   | Place    | Note
-------+----------+-------------------------------------------
     0 | D:1      | Dittersdorf the Gargoyle Fighter began the quest for the
                  | Orb.
     0 | D:1      | Reached XP level 1. HP: 14/14 MP: 1/1
   243 | D:1      | Reached XP level 2. HP: 18/19 MP: 2/2
   416 | D:1      | Reached XP level 3. HP: 23/23 MP: 3/3
   474 | D:1      | Found a faded altar of an unknown god.
   474 | D:1      | Noticed a sun demon
   668 | D:2      | Noticed Terence
   679 | D:2      | Killed Terence
   680 | D:2      | Reached XP level 4. HP: 29/29 MP: 4/4
  1290 | D:3      | Reached XP level 5. HP: 19/33 MP: 5/5
  1387 | D:3      | Found a sacrificial altar of Ru.
  1493 | D:3      | Noticed Jessica
  1496 | D:3      | Killed Jessica
  1573 | D:3      | Found a burning altar of Makhleb.
  1575 | D:3      | Found a blossoming altar of Fedhas.
  1778 | D:3      | Reached XP level 6. HP: 34/39 MP: 6/6
  2143 | D:4      | Reached skill level 5 in Shields
  2525 | D:4      | Reached skill level 5 in Fighting
  2525 | D:4      | Reached skill level 5 in Armour
  2525 | D:4      | Reached XP level 7. HP: 21/44 MP: 7/7
  2926 | D:4      | Found a runed translucent door.
  2927 | D:4      | Noticed Crazy Yiuf
  3278 | D:4      | Killed Crazy Yiuf
  3344 | D:5      | Entered Level 5 of the Dungeon
  3344 | D:5      | Noticed Ijyb
  3359 | D:5      | Killed Ijyb
  3439 | D:5      | Reached XP level 8. HP: 38/51 MP: 8/8
  3595 | D:5      | Found a sand-covered staircase.
  3601 | Ossuary  | Entered an ossuary
  3657 | Ossuary  | Reached skill level 5 in Maces & Flails
  3956 | D:5      | Found an opulent altar of Gozag.
  4387 | D:6      | Noticed Menkaure
  4392 | D:6      | Killed Menkaure
  4438 | D:6      | Noticed Prince Ribbit
  4450 | D:6      | Killed Prince Ribbit
  4451 | D:6      | Reached XP level 9. HP: 55/57 MP: 9/9
  4466 | D:6      | Learned a level 2 spell: Passwall
  4616 | D:6      | Noticed Grinder
  4619 | D:6      | Paralysed by Grinder for 5 turns
  4637 | D:6      | Paralysed by Grinder for 2 turns
  4642 | D:6      | Paralysed by Grinder for 2 turns
  4648 | D:6      | Killed Grinder
  4700 | D:6      | Noticed Eustachio
  4741 | D:6      | Killed Eustachio
  5188 | D:6      | Found the +1 Delatra's gloves {ID++}
  6215 | D:7      | Reached XP level 10. HP: 64/64 MP: 10/10
  6417 | D:7      | Found a staircase to the Ecumenical Temple.
  6662 | Temple   | Entered the Ecumenical Temple
  6737 | Temple   | Became a worshipper of Warmaster Okawaru
  7592 | D:8      | Found a staircase to the Lair.
  7879 | D:8      | Reached * piety under Okawaru
  7889 | D:8      | Found an ornate altar of the Wu Jian Council.
  8284 | D:9      | Reached ** piety under Okawaru
  8556 | D:9      | Reached *** piety under Okawaru
  8557 | D:9      | Reached XP level 11. HP: 42/71 MP: 11/11
  8560 | D:10     | Entered Level 10 of the Dungeon
  8575 | D:10     | Received a gift from Okawaru
  9035 | D:9      | Noticed Erica
  9113 | D:9      | Killed Erica
  9114 | D:9      | Reached skill level 10 in Shields
  9713 | D:10     | Reached skill level 10 in Fighting
  9888 | D:10     | Reached skill level 10 in Armour
 10550 | D:10     | Reached **** piety under Okawaru
 10633 | D:10     | Noticed a two-headed ogre
 10650 | D:10     | Killed a two-headed ogre
 10878 | D:10     | Noticed a centaur warrior
 10899 | D:10     | Killed a centaur warrior
 11484 | Lair:1   | Entered Level 1 of the Lair of Beasts
 11593 | Lair:1   | Reached ***** piety under Okawaru
 11634 | Lair:1   | Reached XP level 12. HP: 53/79 MP: 12/12
 11677 | Lair:1   | HP: 2/80 [wolf (7)]
 11726 | Lair:1   | Reached skill level 10 in Maces & Flails
 11767 | Lair:1   | Found a dark tunnel.
 11825 | Volcano  | Entered a volcano
 12070 | Volcano  | HP: 1/80 [something (9)]
 12070 | Volcano  | Killed from afar by a lava snake

Illustrated notes

Levels and vault maps discovered:
D:1:      dpeg_arrival_tiny_g, layout_basic,
          dreamdust_ecumenical_altar_sealed_demon, minmay_pentomino_x4
D:2:      layout_rooms, palyth_stone_intersect, dreamdust_wishing_well,
          uniq_terence
D:3:      layout_loops_ring, nicolae_ru_great_annihilating_truth,
          mainiacjoe_overflow_big_doors, uniq_jessica
D:4:      layout_basic, uniq_crazy_yiuf_cottage
D:5:      layout_cave_pools, nicolae_gozag_seed_capital,
          nicolae_ossuary_entry_plus, minmay_fire_ice_demons, uniq_ijyb
D:6:      layout_cave_pods, pf_guarded_unrand_delatra, uniq_prince_ribbit1,
          uniq_grinder, uniq_eustachio, uniq_menkaure
D:7:      layout_basic, minmay_temple_entry_enclosed_plants, chequers_jeans
D:8:      layout_basic, nicolae_wu_jian_glorious_leap, lair_entry_dummy
D:9:      layout_rooms, uniq_erica
D:10:     minmay_razor_zed, layout_loops_ring, serial_rivers,
          chequers_serial_rivers_micro_e, chequers_serial_rivers_small_b,
          chequers_serial_rivers_room_b, chequers_serial_rivers_micro_d,
          chequers_serial_rivers_micro_a
Temple:   minmay_temple_bridge_d
Lair:1:   layout_regular_city, enter_volcano_2
Volcano:  volcano_lake [vl_original]

Skill      XL: |  1  2  3  4  5  6  7  8  9 10 11 12 |
---------------+-------------------------------------+-----
Shields        | 4 5 7 8 9 11 | 11.1
Armour         | 4 5 7 8 9 10 11 | 11.0
Fighting       | 4 5 7 8 9 10 11 | 11.0
Maces & Flails | 3 4 6 7 8 9 10 | 10.0

Action                     |  1- 3 |  4- 6 |  7- 9 | 10-12 || total
---------------------------+-------+-------+-------+-------++-------
  Melee: Flail             |   104 |   245 |   505 |   356 ||  1210
         Unarmed           |       |       |     1 |       ||     1
         Morningstar       |       |       |       |   326 ||   326
  Evoke: Wand              |       |       |       |    12 ||    12
    Use: Scroll            |       |     2 |     9 |     6 ||    17
         Potion            |       |       |       |     1 ||     1
 Armour: Scale mail        |    78 |    43 |       |       ||   121
         Chain mail        |       |   144 |   402 |   543 ||  1089
  Dodge: Dodged            |    48 |    63 |   117 |   173 ||   401
  Block: Buckler           |    19 |       |       |       ||    19
         Tower shield      |    25 |   240 |   541 |   768 ||  1574

Table legend: (Time is in decaauts)
 A = Elapsed time spent in this place.
 B = Non-inter-level travel time spent in this place.
 C = Inter-level travel time spent in this place.
 D = Time resting spent in this place.
 E = Time spent auto-exploring this place.
 F = Levels seen in this place.
 G = Mean time per level.
                   A        B        C        D        E       F      G
               +--------+--------+--------+--------+--------+-----+--------+
         Total |  12552 |  11975 |    577 |   1931 |   6348 |  14 |  896.6 |
       Dungeon |  11467 |  11038 |    429 |   1801 |   6193 |  10 | 1146.7 |
        Temple |    150 |      2 |    148 |      0 |      0 |   1 |  150.0 |
          Lair |    356 |    356 |      0 |     45 |      0 |   1 |  356.0 |
       Ossuary |    330 |    330 |      0 |      0 |    155 |   1 |  330.0 |
       Volcano |    247 |    247 |      0 |     85 |      0 |   1 |  247.0 |
               +--------+--------+--------+--------+--------+-----+--------+

Top non-repeatable levels by time:
    D:10: 2097 daAuts
     D:6: 1496 daAuts
     D:9: 1496 daAuts
     D:4: 1195 daAuts
     D:3: 1145 daAuts
     D:7: 1088 daAuts
     D:8: 962 daAuts
     D:5: 805 daAuts
     D:1: 640 daAuts
     D:2: 538 daAuts
  Lair:1: 356 daAuts
 Ossuary: 330 daAuts
 Volcano: 247 daAuts
  Temple: 150 daAuts
